 Dungeon Crawl Stone Soup version 0.29-a0-330-g52719c12eb (webtiles) character file.

Game seed: 9907694017970482992

4719 kae the Ogre Mage (level 10, -10/81 HPs)
             Began as an Ogre Air Elementalist on Apr 13, 2022.
             Mangled by a troll (13 damage)
             ... on level 6 of the Dungeon.
             The game lasted 00:14:03 (13558 turns).

kae the Ogre Mage (Ogre Air Elementalist)          Turns: 13558, Time: 00:14:03

Health: -10/81     AC:  8    Str: 14    XL:     10   Next: 45%
Magic:  16/21      EV:  9    Int: 26    God:
Gold:   188        SH:  0    Dex:  9    Spells: 14/24 levels left

rFire   . . .      SeeInvis .   a - +3 war axe (protect)
rCold   . . .      Faith    .   (no shield)
rNeg    . . .      Spirit   .   A - +0 swamp dragon scales
rPois   +          Reflect  .   m - +0 hat
rElec   .          Harm     .   (no cloak)
rCorr   .          Rampage  .   (gloves unavailable)
Will    +....                   (boots unavailable)
Stlth   ++........              (no amulet)
HPRegen 0.23/turn               z - ring of poison resistance
MPRegen 0.17/turn               o - +6 ring of intelligence

@: no status effects
A: large, unfitting armour, tough skin 1
a: no special abilities


You were on level 6 of the Dungeon.
You visited 2 branches of the dungeon, and saw 9 of its levels.
You also visited: Sewer.

You collected 307 gold pieces.
You spent 119 gold pieces at shops.

Inventory:

Hand Weapons
 a - a +3 war axe of protection (weapon)
Armour
 m - a +0 hat (worn)
 p - a +1 robe
 A - +0 swamp dragon scales (worn)
Magical Staves
 b - a staff of earth
Jewellery
 i - a +6 ring of strength
 o - a +6 ring of intelligence (right hand)
 x - a +6 ring of dexterity
 z - a ring of poison resistance (left hand)
Wands
 r - a wand of iceblast (7)
 t - a wand of acid (6)
 y - a wand of flame (1)
Scrolls
 c - a scroll of amnesia
 g - 2 scrolls of teleportation
 l - a scroll of identify
Potions
 e - a potion of curing
 f - a potion of degeneration
 h - 2 potions of lignification
 j - 2 potions of flight
 k - 3 potions of brilliance
 n - 2 potions of invisibility
 s - a potion of berserk rage
 u - 3 potions of heal wounds
 v - 2 potions of cancellation
 w - a potion of mutation


   Skills:
 + Level 6.4 Dodging
 + Level 5.8 Stealth
 + Level 7.7 Spellcasting
 + Level 6.1 Conjurations
 + Level 6.7 Air Magic


You had 14 spell levels left.
You knew the following spells:

 Your Spells              Type           Power      Damage    Failure   Level
a - Shock                 Conj/Air       100%       1d9       1%          1
b - Static Discharge      Conj/Air       43%        N/A       1%          2
c - Swiftness             Air            44%        N/A       2%          3
d - Airstrike             Air            22%        N/A       8%          4

Your spell library contained the following spells:

 Spells                   Type           Power      Damage    Failure   Level
 Poisonous Vapours        Pois/Air       54%        N/A       4%          2
 Freeze                   Ice            40%        1d6       12%         1
 Sting                    Tmut/Pois      40%        1d5       12%         1
 Hailstorm                Conj/Ice       26%        3d7       32%         4
 Frozen Ramparts          Ice            20%        1d4       34%         3
 Olgreb's Toxic Radiance  Pois           10%        N/A       75%         4


Dungeon Overview and Level Annotations

Branches:
Dungeon (8/15)             Temple (1/1) D:5           Sewer (visited)
   Lair: D:8-11

Altars:
Ashenzari
Cheibriados
Dithmenos
Elyvilon
Fedhas
Hepliaklqana
Kikubaaqudgha
Makhleb
Nemelex Xobeh
Qazlal
Ru
Vehumet
Wu Jian
Xom
Zin
The Shining One

Shops:
D:1 *(   D:4 **   D:5 *   D:8 (

Annotations:
D:6 Grinder
D:7 1 runed translucent door, exclusions: centaur, 4 doors, gargoyle, howler monkey and 2 orc warriors, hark's ghost, novice MiFi


Innate Abilities, Weirdness & Mutations

You are too large for most types of armour.
You have tough skin. (AC +1)


Message History

The boulder beetle hits you.
The boulder beetle stops rolling and uncurls.
The boulder beetle leaps!
The troll bites you! The troll claws you!
The troll claws you but does no damage.
You climb upwards.
Level annotation: Grinder
There is a stone staircase leading down here.
There is a stone staircase leading down, spattered with blood here.
The troll attacks as you move away! The troll closely misses you.
The troll claws you. The troll closely misses you.
Casting: Shock (safe; 1% risk of failure)
Confirm with . or Enter, or press ? or * to list all spells.
Aiming: Airstrike (dangerous; 8% risk of failure)
Press: ? - help, Dir - move target, f - troll
Aim: a troll (empty space bonus: 7/8)
The air twists around and strikes the troll!
The troll is moderately wounded.
The troll bites you! The troll misses you. The troll closely misses you.
Magic courses through your body. The troll barely misses you.
The troll claws you but does no damage. x2
Casting: Airstrike (dangerous; 8% risk of failure)
Confirm with . or Enter, or press ? or * to list all spells.
The troll is struck by an arc of lightning!
The troll is heavily wounded.
The lightning grounds out.
The troll bites you! The troll claws you but does no damage.
The troll claws you!
* * * LOW HITPOINT WARNING * * *
The troll bites you!
* * * LOW HITPOINT WARNING * * *
The troll claws you but does no damage. The troll closely misses you.
Casting: Static Discharge (safe; 1% risk of failure)
Confirm with . or Enter, or press ? or * to list all spells.
The troll is struck by an arc of lightning!
The troll is severely wounded.
You are struck by an arc of lightning.
* * * LOW HITPOINT WARNING * * *
The troll is struck by an arc of lightning.
The troll is almost dead.
The lightning grounds out.
The troll bites you!
You die...

####### ##.....#
##..#'''# #..##...##
#.##≈.@.≈## *
##.#≈..T..§#
##########..#≈.....≈#
#≈.≈≈≈≈≈≈≈..#≈§>.>.≈#
##########..##≈...§##
#....##.§.### ##
#.....#####.# .#
#####...........# .#
#.........#+..###


You could see a troll.

Vanquished Creatures
  Amaemon (D:7)
  A kobold demonologist (D:7)
  Maggie (D:8)
  Sigmund (D:2)
  Eustachio (D:3)
  Edmund (D:6)
  Menkaure (D:4)
  A sky beast (D:7)
  2 ogres
  2 ice beasts
  2 black bears
  2 centaurs
  2 kobold brigands
  4 bullfrogs
  2 necrophages
  A water moccasin zombie (D:5)
  5 scorpions
  A wyvern zombie (D:5)
  4 killer bees (D:7)
  8 howler monkeys
  A crimson imp (D:6)
  4 bullfrog zombies (D:5)
  3 hounds
  A human zombie (D:5)
  4 jellies
  An orc priest (D:2)
  A scorpion zombie (D:5)
  6 iguanas
  2 orc wizards
  2 hound zombies (D:5)
  A mummy (D:5)
  8 adders
  6 river rats (Sewer)
  A white imp (D:7)
  5 worms
  3 dart slugs
  10 orcs
  9 ball pythons
  8 endoplasms
  2 giant cockroaches (D:1)
  8 goblins
  5 hobgoblins
  6 jackals (D:3)
  26 kobolds
  2 quokkas (D:5)
  8 bats
  3 frilled lizards (D:1)
  24 rats
203 creatures vanquished.

Notes
Turn   | Place    | Note
-------+----------+-------------------------------------------
     0 | D:1      | kae the Ogre Air Elementalist began the quest for the Orb.
     0 | D:1      | Reached XP level 1. HP: 16/16 MP: 3/3
   129 | D:1      | Reached skill level 1 in Conjurations
   145 | D:1      | Found a faded altar of an unknown god.
   259 | D:1      | Reached XP level 2. HP: 24/24 MP: 3/5
   447 | D:1      | Found Minoc's Antique Weapon Emporium.
   952 | D:1      | Found Ygyifaeq's Assorted Antiques.
   960 | D:1      | Bought a scroll labelled LOOTO LUETWES for 21 gold pieces
  1209 | D:1      | Bought a scroll labelled VUESOFR QEUSTRAMAC for 21 gold
                  | pieces
  1320 | D:2      | Reached XP level 3. HP: 31/31 MP: 1/7
  1440 | D:2      | Reached skill level 3 in Spellcasting
  1440 | D:2      | Reached XP level 4. HP: 22/39 MP: 0/8
  1860 | D:2      | Noticed Sigmund
  1883 | D:2      | Killed Sigmund
  1884 | D:2      | Reached XP level 5. HP: 45/45 MP: 0/10
  2005 | D:2      | Learned a level 2 spell: Static Discharge
  2009 | D:2      | Learned a level 3 spell: Swiftness
  2014 | D:2      | Learned a level 4 spell: Airstrike
  2210 | D:2      | Reached XP level 6. HP: 53/53 MP: 7/11
  3134 | D:3      | Found a snail-covered altar of Cheibriados.
  3259 | D:4      | Found Hibroxyu's Specific Store.
  3596 | D:4      | Reached skill level 4 in Spellcasting
  3638 | D:4      | Found Nerhedyvve's General Store.
  3855 | D:4      | Reached XP level 7. HP: 18/59 MP: 0/13
  4089 | D:4      | Bought a scroll of identify for 28 gold pieces
  4089 | D:4      | Bought a scroll of magic mapping for 49 gold pieces
  4433 | D:4      | Noticed Eustachio
  4540 | D:3      | Killed Eustachio
  4984 | D:4      | Noticed Menkaure
  4991 | D:4      | Killed Menkaure
  5137 | D:5      | Entered Level 5 of the Dungeon
  5178 | D:5      | Reached XP level 8. HP: 39/67 MP: 10/15
  5336 | D:5      | Reached skill level 5 in Spellcasting
  5739 | D:5      | Found an ancient bone altar of Kikubaaqudgha.
  6588 | D:5      | Reached skill level 5 in Air Magic
  6917 | D:5      | Found Autotok's Alliterative Accessories.
  6961 | D:5      | Found a blossoming altar of Fedhas.
  7120 | D:5      | Found a staircase to the Ecumenical Temple.
  7232 | Temple   | Entered the Ecumenical Temple
  7613 | D:6      | Reached XP level 9. HP: 74/74 MP: 12/17
  7640 | D:6      | Reached skill level 6 in Spellcasting
  7671 | D:6      | Found a glowing drain.
  7692 | Sewer    | Entered a sewer
  8080 | Sewer    | Reached skill level 5 in Dodging
  8787 | D:6      | Noticed Grinder
  9276 | D:6      | Found a burning altar of Makhleb.
  9320 | D:6      | Found a radiant altar of Vehumet.
  9436 | D:6      | Reached skill level 5 in Conjurations
  9547 | D:6      | Noticed Edmund
  9557 | D:6      | Killed Edmund
  9822 | D:7      | Found a shadowy altar of Dithmenos.
  9835 | D:7      | Reached skill level 5 in Stealth
 10093 | D:7      | Found a runed translucent door.
 10093 | D:7      | Noticed hark's ghost (novice MiFi)
 10215 | D:7      | Found a shimmering altar of Xom.
 10245 | D:7      | Noticed a gargoyle
 10269 | D:7      | Found a shimmering altar of Xom.
 10270 | D:7      | Found a shimmering altar of Xom.
 10270 | D:7      | Found a shimmering altar of Xom.
 10537 | D:7      | Noticed a fire crab
 10539 | D:7      | a fire crab changed into a yak
 10707 | D:8      | Noticed Amaemon
 10707 | D:8      | Noticed an orange demon
 10744 | D:8      | Noticed Maggie
 10744 | D:8      | Found Itefooseng's Weapon Shoppe.
 10750 | D:8      | Killed Maggie
 11719 | D:8      | Reached skill level 7 in Spellcasting
 12129 | D:8      | Reached XP level 10. HP: 77/81 MP: 7/20
 12624 | D:7      | Killed Amaemon
 13165 | D:7      | Noticed a kobold demonologist
 13298 | D:7      | Killed a kobold demonologist
 13545 | D:7      | Noticed a boulder beetle
 13558 | D:6      | HP: 3/81 [/static electricity (3)]
 13558 | D:6      | Mangled by a troll

Illustrated notes

Levels and vault maps discovered:
D:1:      co_arrival_square_in_a_square_in_a_square, layout_basic, serial_shops,
          shop, nicolae_shop_behind_doors,
          shapermc_ecumenical_altar_totnotflames, minmay_misc_feat_doors
D:2:      layout_loops_ring, uniq_sigmund
D:3:      layout_loops_ring, cheibriados_altar_1
D:4:      layout_basic, nicolae_specific_store, uniq_menkaure, uniq_eustachio
D:5:      layout_cave_pools, lemuel_mausoleum_altar_kikubaaqudgha,
          mainiacjoe_overflow_surrounded_room, temple_hall,
          minmay_misc_feat_plants, nicolae_alphabet_shops
D:6:      layout_basic, grunt_temple_overflow_lords_of_destruction,
          portal_sewer_entry_d, kennysheep_windowed_goal, uniq_edmund,
          uniq_grinder
D:7:      minmay_the_grid_plus_closed [minmay_the_grid_spin_star,
          minmay_the_grid_gridbox, minmay_the_grid_diamond_grid,
          minmay_the_grid_broken_lines, minmay_the_grid_prize_inner_circle],
          layout_loops_ring, xom_shifter_show, nicolae_dithmenos_the_darkroom,
          gammafunk_ghost_grave
D:8:      layout_basic, mainiacjoe_overflow_alcove_2, trog_hazing_becter,
          serial_shops, nicolae_shop_waterfront, uniq_pikel, uniq_amaemon,
          uniq_maggie
Temple:   jpeg_temple_island

Skill      XL: |  1  2  3  4  5  6  7  8  9 10 |
---------------+-------------------------------+-----
Conjurations   | 1 2 3 4 5 6 |  6.1
Dodging        | 2 3 4 5 6 |  6.4
Stealth        | 2 3 4 5 |  5.8
Spellcasting   | 3 4 5 7 |  7.7
Air Magic      | 3 4 5 6 |  6.7

Action                   |  1- 3 |  4- 6 |  7- 9 | 10-12 || total
-------------------------+-------+-------+-------+-------++-------
Melee: Unarmed           |     8 |       |       |       ||     8
       Staff             |    11 |    11 |       |       ||    22
       War axe           |       |    15 |   107 |    53 ||   175
       Punch             |       |       |     1 |       ||     1
 Cast: Shock             |    45 |    84 |   215 |    18 ||   362
       Static Discharge  |       |    11 |    66 |     7 ||    84
       Airstrike         |       |       |    23 |    28 ||    51
  Use: Scroll            |     6 |    11 |     7 |     1 ||    25
       Potion            |       |     2 |     5 |     2 ||     9
 Stab: Sleeping          |       |     1 |     3 |       ||     4
Armor: Robe              |     4 |    22 |   109 |       ||   135
       Skin              |       |    22 |       |       ||    22
       Swamp dragon scal |       |       |    28 |    52 ||    80
Dodge: Dodged            |    14 |    49 |   170 |    47 ||   280

Table legend: (Time is in decaauts)
 A = Elapsed time spent in this place.
 B = Non-inter-level travel time spent in this place.
 C = Inter-level travel time spent in this place.
 D = Time resting spent in this place.
 E = Time spent auto-exploring this place.
 F = Levels seen in this place.
 G = Mean time per level.
                   A        B        C        D        E       F      G
               +--------+--------+--------+--------+--------+-----+--------+
         Total |  13691 |  13212 |    479 |   3223 |   8254 |  10 | 1369.1 |
       Dungeon |  12674 |  12229 |    445 |   3218 |   7485 |   8 | 1584.2 |
        Temple |     75 |     41 |     34 |      0 |     31 |   1 |   75.0 |
         Sewer |    941 |    941 |      0 |      5 |    738 |   1 |  941.0 |
               +--------+--------+--------+--------+--------+-----+--------+

Top non-repeatable levels by time:
     D:7: 2716 daAuts
     D:5: 2366 daAuts
     D:6: 2068 daAuts
     D:4: 1573 daAuts
     D:1: 1256 daAuts
     D:2: 1202 daAuts
     D:3: 1122 daAuts
   Sewer: 941 daAuts
     D:8: 367 daAuts
  Temple: 75 daAuts
